 Dungeon Crawl Stone Soup version 0.31.0-12-g77e489cdc1 (webtiles) character file.

Game seed: 16881352418156879852

2953 sking99 the Sneak (level 9, -7/69 HPs)
             Began as an Armataur Enchanter on Mar 1, 2024.
             Was a Follower of Dithmenos.
             Mangled by a wyvern (9 damage)
             ... on level 8 of the Dungeon.
             The game lasted 00:16:20 (7464 turns).

sking99 the Sneak (Armataur Enchanter)              Turns: 7464, Time: 00:16:20

Health: -7/69      AC:  1    Str: 16    XL:     9   Next: 52%
Magic:  11/14      EV:  9    Int: 23    God:    Dithmenos [*.....]
Gold:   347        SH:  0    Dex: 11    Spells: 3/14 levels left

rFire   . . .        v - +1 dagger (vamp)
rCold   . . .        (no shield)
rNeg    . . .        b - +0 robe
rPois   .            (no helmet)
rElec   .            p - +1 cloak
rCorr   .            d - +2 pair of gloves
SInv    .            (no barding)
Will    .....        z - amulet of the acrobat
Stlth   ++++         a - +6 ring of intelligence
HPRegen 0.31/turn    (no ring)
MPRegen 0.14/turn

%: acrobat, roll
@: corroded, wreathed by umbra, invisible
A: large, deformed body, tough skin 3, armoured tail, roll 2
a: Renounce Religion


You were on level 8 of the Dungeon.
You worshipped Dithmenos.
Dithmenos was aware of your devotion.
You visited 2 branches of the dungeon, and saw 9 of its levels.

You collected 347 gold pieces.

Inventory:

Hand Weapons
 v - a +1 vampiric dagger (weapon)
Armour
 b - a +0 robe (worn)
 d - a +2 pair of gloves (worn)
 p - a +1 cloak (worn)
Jewellery
 a - a +6 ring of intelligence (left hand)
 z - an amulet of the acrobat (around neck)
Wands
 o - a wand of polymorph (12)
 t - a wand of flame (23)
 u - a wand of acid (8)
Scrolls
 f - a scroll of fear
 g - a scroll of teleportation
 j - a scroll of amnesia
 k - a scroll of identify
 m - 2 scrolls of summoning
 x - 3 scrolls of fog {unknown}
 y - 2 scrolls of vulnerability
Potions
 c - a potion of invisibility
 e - 3 potions of might
 h - a potion of curing
 i - 2 potions of brilliance {unknown}
 l - a potion of magic {unknown}
 n - 4 potions of lignification
 q - a potion of mutation {unknown}
 r - a potion of cancellation {unknown}
 s - 2 potions of heal wounds {unknown}
 w - a potion of berserk rage {unknown}


   Skills:
 - Level 3.0 Fighting
 * Level 6.8 Short Blades
 - Level 1.3 Dodging
 + Level 7.1 Stealth
 - Level 3.4 Spellcasting
 + Level 2.8 Conjurations
 + Level 5.9 Hexes
 - Level 4.0 Ice Magic


You had 3 spell levels left.
You knew the following spells:

 Your Spells              Type           Power      Damage    Failure   Level
a - Ensorcelled Hibernat  Hex/Ice        52%        N/A       2%          2
b - Confusing Touch       Hex            31%        N/A       3%          3
c - Tukima's Dance        Hex            31%        N/A       3%          3
d - Dazzling Flash        Conj/Hex       48%        N/A       5%          3

Your spell library contained the following spells:

 Spells                   Type           Power      Damage    Failure   Level
 Lesser Beckoning         Tloc           6%         N/A       17%         2
 Gell's Gravitas          Tloc           3%         N/A       32%         3
 Teleport Other           Tloc           3%         N/A       32%         3


Dungeon Overview and Level Annotations

Branches:
Dungeon (8/15)             Temple (1/1) D:7
   Lair: D:8-11

Altars:
Ashenzari
Cheibriados
Dithmenos
Elyvilon
Fedhas
Gozag
Hepliaklqana
Kikubaaqudgha
Makhleb
Nemelex Xobeh
Okawaru
Qazlal
Ru
Sif Muna
Trog
Vehumet
Wu Jian
Xom
Yredelemnul
Zin
The Shining One


Innate Abilities, Weirdness & Mutations

Armour fits poorly on your strangely shaped body.
You have extremely tough skin. (AC +3)
You have a long armoured tail.
You regenerate magic and health when rolling toward enemies. (Rampage Regen)


Message History

Casting: Ensorcelled Hibernation (safe; 2% risk of failure)
Confirm with . or Enter, or press ? or * to list all spells.
Aiming: Ensorcelled Hibernation (safe; 2% risk of failure)
Press: ? - help, Shift-Dir - straight line, f - acid dragon
Aim: an acid dragon shaped shifter (wandering, hasn't noticed you, chance to affect: 57%)
The acid dragon resists with significant effort.
The wyvern hisses angrily.
The acid dragon spits acid at you. The splash of acid hits you!!
The acid corrodes you!
You hear a shout! x3
The acid dragon spits acid at you. The splash of acid hits you!
The acid corrodes you!
You hear a shout!
As you read the scroll of summoning, it crumbles to dust.
Wisps of shadow whirl around you...
Your bullfrog closely misses the acid dragon.
The wyvern bites you!
Your yak closely misses the wyvern.
Items here: ( )) †.
Unknown command.
Casting: Ensorcelled Hibernation (safe; 2% risk of failure)
Confirm with . or Enter, or press ? or * to list all spells.
Aiming: Ensorcelled Hibernation (safe; 2% risk of failure)
Press: ? - help, Shift-Dir - straight line, f - wyvern, p - acid dragon
Aim: a wyvern (ally target, umbra, chance to affect: 57%)
The wyvern looks drowsy...
Your bullfrog hits the acid dragon.
Your yak gores the wyvern!!
Your bullfrog closely misses the acid dragon.
You hit the wyvern but do no damage. You punch the wyvern, but do no damage.
The wyvern is almost dead.
The wyvern bites you!!
* * * LOW HITPOINT WARNING * * *
Casting: Ensorcelled Hibernation (safe; 2% risk of failure)
Confirm with . or Enter, or press ? or * to list all spells.
Aiming: Ensorcelled Hibernation (safe; 2% risk of failure)
Press: ? - help, Shift-Dir - straight line, f - acid dragon, p - wyvern
Aim: an acid dragon shaped shifter (lightly wounded, ally target, umbra, chance to affect: 57%)
Okay, then.
You fade into invisibility!
The wyvern bites you!
You die...

.#........#####.# ..
.#..............###.#
.....###..........#.#####
##...###.#.....##........
#....##.#.....##........
#.....#.#....YY.........
#.....#.#.....YF.......$
#.......##.#.#Dk########
#.....>###...#.@.#.#
#....#.########)...#
#....#.#......)#...#
#....#.......#.#####
########.###.#.#
##...#...# #####
#.......## #...#
#.......# #.#.###
#.......# #.#...# ######


You could see a wyvern (unable to see you, ally target), an acid dragon shaped
shifter (unable to see you, ally target), 3 friendly yaks and a friendly
bullfrog (summoned).

Vanquished Creatures
  Pikel (D:7)
  Menkaure (D:5)
  An ice beast (D:6)
  2 black bears (D:7)
  2 ogres (D:7)
  A lemure (D:7)
  2 phantoms
  A kobold brigand (D:8)
  2 bullfrogs
  A scorpion (D:5)
  3 wights (D:3)
  11 killer bees
  2 bombardier beetles (D:5)
  A jelly (D:6)
  4 orc priests
  Crazy Yiuf (D:2)
  4 hounds
  2 sleepcaps
  Ijyb (D:3)
  Natasha (thrice) (D:2)
  2 iguanas
  6 orc wizards
  7 adders
  2 white imps
  3 dart slugs
  3 ribbon worms
  25 orcs
  3 bats
  6 endoplasms
  4 giant cockroaches
  7 goblins
  4 hobgoblins
  2 jackals (D:1)
  10 kobolds
  3 quokkas
  4 ball pythons
  A frilled lizard (D:2)
  5 rats
143 creatures vanquished.

Notes
Turn   | Place    | Note
-------+----------+-------------------------------------------
     0 | D:1      | sking99 the Armataur Enchanter began the quest for the Orb.
     0 | D:1      | Reached XP level 1. HP: 14/14 MP: 3/3
    19 | D:1      | Reached skill level 1 in Short Blades
   167 | D:1      | Reached XP level 2. HP: 20/20 MP: 4/4
   168 | D:1      | Found a faded altar of an unknown god.
   657 | D:1      | Learned a level 2 spell: Ensorcelled Hibernation
   707 | D:2      | Reached XP level 3. HP: 26/26 MP: 5/5
  1038 | D:2      | Noticed Natasha
  1048 | D:2      | Killed Natasha
  1049 | D:2      | Reached skill level 1 in Ice Magic
  1049 | D:2      | Reached XP level 4. HP: 11/33 MP: 3/6
  1289 | D:2      | Found a runed translucent door.
  1290 | D:2      | Noticed Crazy Yiuf
  1325 | D:2      | Noticed Natasha
  1559 | D:2      | Killed Natasha
  1572 | D:2      | Noticed Natasha
  1586 | D:2      | Killed Natasha
  1682 | D:2      | Killed Crazy Yiuf
  1683 | D:2      | Reached XP level 5. HP: 38/38 MP: 5/7
  1749 | D:2      | Learned a level 3 spell: Confusing Touch
  2264 | D:3      | Reached XP level 6. HP: 9/45 MP: 8/8
  2440 | D:3      | Noticed Ijyb
  2449 | D:3      | Killed Ijyb
  2793 | D:3      | Learned a level 3 spell: Tukima's Dance
  3044 | D:4      | Reached skill level 5 in Hexes
  3615 | D:5      | Entered Level 5 of the Dungeon
  3632 | D:5      | Identified the +1 robe "Joicw" {^Drain rC+ rCorr}
  3640 | D:5      | Reached skill level 4 in Stealth
  3640 | D:5      | Gained mutation: You regenerate magic and health when
                  | rolling toward enemies. (Rampage Regen) [Armataur growth]
  3640 | D:5      | Reached XP level 7. HP: 51/51 MP: 7/10
  3647 | D:5      | Noticed Menkaure
  3659 | D:5      | Killed Menkaure
  3660 | D:5      | Reached skill level 1 in Fighting
  5130 | D:6      | Reached XP level 8. HP: 61/61 MP: 9/12
  5212 | D:6      | Reached skill level 5 in Stealth
  5709 | D:6      | Reached skill level 5 in Short Blades
  5845 | D:6      | Learned a level 3 spell: Dazzling Flash
  6052 | D:7      | Found a staircase to the Ecumenical Temple.
  6055 | D:7      | Noticed Pikel
  6074 | D:7      | Killed Pikel
  6075 | D:7      | Reached skill level 6 in Stealth
  6075 | D:7      | Reached skill level 1 in Conjurations
  6075 | D:7      | Reached XP level 9. HP: 65/69 MP: 14/14
  6121 | Temple   | Entered the Ecumenical Temple
  6147 | Temple   | Became a worshipper of Dithmenos the Shadowed
  7162 | D:8      | Reached skill level 7 in Stealth
  7177 | D:8      | Reached * piety under Dithmenos
  7463 | D:8      | HP: 2/69 [wyvern (20)]
  7464 | D:8      | Mangled by a wyvern

Illustrated notes

Levels and vault maps discovered:
D:1:      scummos_arrival_star, layout_loops_ring, ebering_ecumenical_altar_box,
          minmay_tetromino_t4
D:2:      layout_loops_ring, uniq_natasha, uniq_crazy_yiuf_cottage
D:3:      layout_rooms, minmay_misc_feat_pillars, uniq_ijyb
D:4:      layout_rooms
D:5:      layout_basic, uniq_menkaure
D:6:      layout_cave_pools
D:7:      layout_cave_pools, minmay_temple_entry_grid, uniq_pikel
D:8:      layout_basic, hangedman_minor_gate_pass
Temple:   nicolae_temple_bog_church

Skill      XL: |  1  2  3  4  5  6  7  8  9 |
---------------+----------------------------+-----
Short Blades   | 1 2 3 5 6 |  6.8
Hexes          | 3 4 5 |  5.9
Ice Magic      | 1 2 3 4 |  4.0
Stealth        | 4 6 7 |  7.1
Spellcasting   | 2 3 |  3.4
Fighting       | 2 3 |  3.0
Conjurations   | 1 2 |  2.8
Dodging        | |  1.3

Action                     |  1- 3 |  4- 6 |  7- 9 || total
---------------------------+-------+-------+-------++-------
  Melee: Dagger            |    83 |   135 |   195 ||   413
         Tailslap          |     9 |    15 |    22 ||    46
         Punch             |       |     2 |     3 ||     5
   Cast: Ensorcelled Hiber |     1 |    36 |    98 ||   135
         Confusing Touch   |       |     6 |    11 ||    17
    Use: Scroll            |       |       |    15 ||    15
         Potion            |       |       |     2 ||     2
   Stab: Sleeping          |     9 |    24 |    62 ||    95
         Confused          |       |     4 |     6 ||    10
         Distracted        |       |       |     1 ||     1
 Armour: Robe              |    30 |    99 |   187 ||   316
         Skin              |       |     5 |       ||     5
  Dodge: Dodged            |    27 |    41 |   121 ||   189
